Map: Sequencer LE

Players

thermy (uThermal) - Winner!

  • Race: Terran Terran
  • Spawn Location: 1:00

Aelith

  • Race: Zerg Zerg
  • Spawn Location: 7:00

Event: WCS Valencia 2017

VOD

Have the link to the VOD?

Description

Time

  • Played on: July 13, 2017, 6:15 a.m.
  • Length: 5:53

All games in this series

Show
View Real Time Build Order
Export as new Build Order

thermy Terran - Winner!

Build Orders:  

Get SALT Encoding   

  12  0:01  SCV  
  13  0:13  SCV  
  14  0:17  Supply Depot  
  14  0:25  SCV  
  15  0:38  SCV  
  15  0:40  Barracks  
  16  0:46  Refinery  
  16  0:51  SCV  
  17  1:02  Barracks  
  17  1:07  SCV  
  18  1:19  SCV  
  19  1:29  Reaper  
  19  1:31  Orbital Command  
  20  1:39  Barracks  
  20  1:46  Refinery  
  20  1:49  Reaper  
  21  1:57  Supply Depot  
  21  2:00  SCV  
  22  2:06  Reaper  
  23  2:18  SCV  
  23  2:21  Reaper  
  25  2:26  Supply Depot  
  25  2:27  Reaper  
  26  2:30  SCV  
  27  2:38  Reaper  
  27  2:43  SCV  
  29  2:55  SCV  
  29  2:56  Reaper  
  31  3:07  SCV  
  31  3:09  Command Center  
  32  3:19  SCV  
  33  3:22  Supply Depot, Reaper  
  33  3:26  Reaper  
  35  3:29  Reaper  
  35  3:31  SCV  
  37  3:40  Factory  
  37  3:43  SCV  
  38  3:55  SCV  
  39  3:56  Marine  
  39  3:58  Barracks Tech Lab  
  39  4:01  Marine  
  41  4:07  SCV  
  41  4:14  Marine  
  42  4:18  Marine  
  42  4:19  Marine, SCV  
  45  4:25  Starport  
  45  4:31  SCV  
  45  4:32  Marine  
  45  4:34  Orbital Command  
  45  4:36  Marine  
  47  4:40  Marine  
  47  4:43  SCV, Factory Reactor  
  49  4:50  Marine, Supply Depot  
  50  4:54  Marine  
  50  4:56  SCV  
  50  4:57  Marine  
  53  5:01  SCV  
  54  5:08  SCV  
  54  5:12  Barracks Reactor  
  54  5:13  SCV  
  56  5:20  Barracks Reactor  
  56  5:24  SCV  
  56  5:25  SCV, Marine  
  63  5:28  Command Center  
  63  5:31  Engineering Bay  
  63  5:32  Engineering Bay  
  63  5:36  SCV, Supply Depot  
  63  5:39  Factory Reactor  
Show
View Real Time Build Order
Export as new Build Order

Aelith Zerg 

Build Orders: Hatch First 

Get SALT Encoding   

  12  0:00  Drone  
  13  0:13  Overlord  
  13  0:18  Drone  
  14  0:31  Drone x2  
  14  0:34  Drone  
  17  0:53  Hatchery  
  17  0:55  Drone  
  17  0:59  Drone  
  17  1:03  Extractor  
  17  1:15  Spawning Pool  
  17  1:18  Drone  
  17  1:21  Drone  
  18  1:28  Drone  
  19  1:38  Overlord  
  19  1:50  Drone  
  20  2:01  Queen  
  20  2:02  Metabolic Boost  
  20  2:04  Queen  
  20  2:07  Zergling x2  
  25  2:10  Zergling x2  
  25  2:13  Drone  
  27  2:17  Drone  
  27  2:22  Drone  
  28  2:37  Spore Crawler  
  28  2:38  Drone  
  28  2:41  Queen  
  31  2:47  Drone  
  31  2:48  Overlord  
  31  2:49  Drone x2  
  34  2:53  Pneumatized Carapace  
  32  2:59  Zergling x2  
  32  3:00  Zergling x2  
  33  3:10  Spore Crawler  
  29  3:23  Zergling x12  
  35  3:28  Zergling x4  
  37  3:39  Zergling x4  
  39  3:48  Zergling x4  
  38  3:55  Queen  
  41  4:03  Zergling x4  
  41  4:09  Overlord  
  43  4:22  Drone x4  
  40  4:31  Drone x3  
  40  4:32  Drone x2  
  42  4:45  Drone x5  
  47  4:53  Drone  
  48  5:02  Drone x2  
  50  5:13  Drone  
  51  5:16  Hatchery  
  50  5:21  Drone  
  50  5:24  Overlord  
  50  5:26  Extractor  
  50  5:30  Drone  
Tags
 
Add a new tag
Caveats
  • Supply blocks, unpowered buildings, or Contaminate may cause inaccurate times.
  • Supply counts are checked every 10 seconds.